 Dungeon Crawl Stone Soup version 0.25.0-41-g26779e291d (webtiles) character file.

Game seed: 3236975293619281344

113 wojtek the Chopper (level 4, 0/39 HPs)
             Began as a Minotaur Fighter on July 10, 2020.
             Slain by Grinder (2 damage)
             ... on level 3 of the Dungeon.
             The game lasted 00:01:48 (2123 turns).

wojtek the Chopper (Minotaur Fighter)               Turns: 2123, Time: 00:01:49

Health: 0/39       AC:  6    Str: 22    XL:     4   Next: 65%
Magic:  3/3        EV:  7    Int:  5    God:
Gold:   211        SH:  9    Dex:  9    Spells: 3/3 levels left

rFire    . . .     SeeInvis .   a - +0 war axe
rCold    . . .     Gourm    .   c - +0 kite shield
rNeg     . . .     Faith    .   b - +0 scale mail
rPois    .         Spirit   .   (helmet restricted)
rElec    .         Reflect  .   (no cloak)
rCorr    .         Harm     .   (no gloves)
MR       .....                  (no boots)
Stlth    ..........             (no amulet)
HPRegen  0.13/turn              (no ring)
MPRegen  0.08/turn              (no ring)

@: no status effects
A: retaliatory headbutt, horns 2
a: no special abilities


You were on level 3 of the Dungeon.
You were not hungry.

You visited 1 branch of the dungeon, and saw 3 of its levels.

You collected 211 gold pieces.

Inventory:

Hand Weapons
 a - a +0 war axe (weapon)
Armour
 b - a +0 scale mail (worn)
 c - a +0 kite shield (worn)
Jewellery
 h - a cursed ring of positive energy {unknown}
Scrolls
 i - 2 scrolls of remove curse {unknown}
 j - a scroll of enchant weapon {unknown}
 m - a scroll of amnesia {unknown}
 o - a scroll of identify {unknown}
 p - a scroll of fear {unknown}
Potions
 d - a potion of might
 e - 2 potions of curing {unknown}
 g - 2 potions of haste {unknown}
 k - a potion of degeneration {unknown}
 n - a potion of heal wounds {unknown}
Comestibles
 f - 3 rations
 l - 6 chunks of flesh


   Skills:
 - Level 3.6 Fighting
 + Level 6.0 Axes
 - Level 3.6 Armour
 - Level 3.6 Shields


You had 3 spell levels left.
You didn't know any spells.
Your spell library contained the following spells:

 Spells                   Type           Power        Failure   Level  Hunger
 Magic Dart               Conj           #...         99%         1    ##.....
 Blink                    Tloc           N/A          100%        2    ###....
 Call Imp                 Summ           #.......     100%        2    ###....
 Slow                     Hex            #.......     100%        2    ###....
 Conjure Flame            Conj/Fire      #.......     100%        3    ####...
 Mephitic Cloud           Conj/Pois/Air  #.......     100%        3    ####...


Dungeon Overview and Level Annotations

Branches:
Dungeon (3/15)

Altars:
Fedhas
Gozag
Hepliaklqana
Vehumet
Yredelemnul

Annotations:
D:3 Grinder


Innate Abilities, Weirdness & Mutations

You reflexively headbutt those who attack you in melee.
You have a pair of horns on your head.


Message History

You hit Grinder but do no damage.
Grinder is severely wounded.
Grinder gestures at you. You resist with significant effort.
You barely miss Grinder.
Grinder is severely wounded.
Grinder gestures at you. Pain shoots through your body!
* * * LOW HITPOINT WARNING * * *
Unknown command.
You closely miss Grinder. Your headbutt misses Grinder.
Grinder is severely wounded.
You block Grinder's attack. Grinder hits you.
* * * LOW HITPOINT WARNING * * *
You writhe in agony.
* * * LOW HITPOINT WARNING * * *
Your shield and scale mail prevent you from hitting Grinder.
Grinder is severely wounded.
Grinder hits you.
You die...

######..#.<# #.#
#..##.. #.#
#..#### #.## ##
#...# #..
......#.# #.#
####..#.# #####
##.# #..#<###
......#..##
##.....# #..@..##
#.#.... #.5##..#
#.####. #...#
##.# #.# ##. ###.
#.# #.# #.. #
#.#######.###..
#......##.#....
########......##.
...## ###.<...##
#....####..##.##


You could see Grinder.

Vanquished Creatures
  Jessica (D:3)
  2 adders (D:3)
  A worm (D:2)
  2 dart slugs (D:1)
  4 leopard geckos
  4 orcs (D:3)
  A giant cockroach (D:1)
  8 goblins
  8 hobgoblins
  3 ball pythons
  6 bats
  A frilled lizard (D:2)
  8 kobolds
  4 rats (D:1)
53 creatures vanquished.

Notes
Turn   | Place    | Note
-------+----------+-------------------------------------------
     0 | D:1      | wojtek the Minotaur Fighter began the quest for the Orb.
     0 | D:1      | Reached XP level 1. HP: 19/19 MP: 0/0
   152 | D:1      | Reached skill level 3 in Axes
   247 | D:1      | Reached XP level 2. HP: 23/26 MP: 1/1
   692 | D:1      | Reached skill level 4 in Axes
  1053 | D:2      | Reached XP level 3. HP: 27/31 MP: 2/2
  1686 | D:2      | Found a blossoming altar of Fedhas.
  1686 | D:2      | Found a basalt altar of Yredelemnul.
  1694 | D:2      | Found an opulent altar of Gozag.
  1696 | D:2      | Found a radiant altar of Vehumet.
  1697 | D:2      | Found a hazy altar of Hepliaklqana.
  1778 | D:3      | Reached skill level 5 in Axes
  1798 | D:3      | Reached XP level 4. HP: 39/39 MP: 3/3
  1836 | D:3      | Noticed Jessica
  1848 | D:3      | Killed Jessica
  2020 | D:3      | Reached skill level 6 in Axes
  2112 | D:3      | Noticed Grinder
  2116 | D:3      | Paralysed by Grinder for 4 turns
  2123 | D:3      | Slain by Grinder

Illustrated notes

Levels and vault maps discovered:
D:1:      shiori_arrival_oz, layout_loops_corners
D:2:      cheibrodos_old_hovel, layout_rooms,
          chequers_temple_overflow_minitemple, minmay_pentomino_r4
D:3:      layout_rooms, uniq_grinder, uniq_jessica

Skill      XL: |  1  2  3  4 |
---------------+-------------+-----
Axes           | 3 4 5 6 |  6.0
Fighting       | |  3.6
Armour         | |  3.6
Shields        | |  3.6

Action                   |  1- 3 |  4- 6 || total
-------------------------+-------+-------++-------
Melee: War axe           |    85 |    34 ||   119
       Headbutt          |     7 |     2 ||     9
  Eat: Chunk             |     3 |     1 ||     4
Armor: Scale mail        |    31 |    13 ||    44
Dodge: Dodged            |    19 |    13 ||    32
Block: Kite shield       |    36 |    24 ||    60
